Map: King's Cove LE

Players

ƎDǃBee

  • Race: Zerg Zerg
  • League: Master
  • Spawn Location: 11:00

Lambo - Winner!

  • Race: Zerg Zerg
  • League: Master
  • Spawn Location: 5:00

VOD

Have the link to the VOD?

Description

Time

  • Played on: Jan. 24, 2019, 7:15 a.m.
  • Length: 6:50
Show
View Real Time Build Order
Export as new Build Order

ƎDǃBee Zerg 

Build Orders: Pool First 

Get SALT Encoding   

  12  0:00  Drone  
  13  0:12  Overlord  
  13  0:17  Drone  
  14  0:30  Drone x2  
  14  0:34  Drone  
  17  0:45  Spawning Pool  
  17  0:48  Drone  
  17  1:08  Hatchery  
  17  1:11  Extractor  
  15  1:14  Drone  
  15  1:17  Drone  
  17  1:22  Drone  
  18  1:32  Queen  
  20  1:34  Zergling x2  
  20  1:38  Drone  
  22  1:49  Overlord  
  22  2:02  Evolution Chamber  
  22  2:03  Drone  
  22  2:08  Queen  
  24  2:12  Drone  
  25  2:21  Drone x2  
  27  2:31  Zerg Ground Armor Level 1  
  27  2:33  Drone x2  
  29  2:43  Drone x3  
  32  2:47  Drone  
  32  2:50  Overlord  
  33  2:57  Drone  
  33  3:00  Queen  
  35  3:06  Metabolic Boost  
  35  3:15  Drone  
  35  3:16  Drone x3  
  35  3:18  Zergling x4  
  41  3:30  Hatchery  
  40  3:34  Overlord  
  40  3:45  Zergling x6  
  43  3:48  Baneling Nest  
  43  3:53  Drone x2  
  43  3:54  Drone x2  
  46  3:58  Zergling x6  
  46  3:59  Zergling x2  
  50  4:08  Overlord  
  50  4:18  Extractor  
  50  4:19  Roach Warren  
  50  4:20  Drone  
  50  4:21  Drone x3  
  49  4:25  Drone x3, Zerg Melee Weapons Level 1  
  49  4:29  Overlord  
  52  4:34  Baneling x3  
  52  4:35  Zergling x2  
  53  4:41  Zergling x4  
  55  4:45  Zergling x2  
  55  4:46  Zergling x6  
  55  4:52  Zergling x2  
  58  4:53  Baneling x2  
  55  5:00  Zergling x10  
  55  5:04  Zergling x4  
  57  5:12  Baneling x4  
  57  5:13  Zergling x4  
  57  5:21  Drone x2  
  57  5:24  Overlord  
  57  5:26  Drone  
  57  5:27  Lair  
  59  5:33  Drone  
  59  5:43  Zergling x6  
  59  5:46  Baneling x4  
  59  5:49  Zergling x4  
  62  5:55  Drone x10  
  69  6:06  Baneling x3  
  69  6:08  Baneling x2  
  68  6:11  Overlord x3  
  68  6:12  Extractor  
  60  6:26  Zergling x12  
Show
View Real Time Build Order
Export as new Build Order

Lambo Zerg - Winner!

Build Orders: Hatch First, Zergling Baneling 

Get SALT Encoding   

  12  0:00  Drone  
  13  0:12  Overlord  
  13  0:19  Drone  
  14  0:32  Drone x2  
  16  0:50  Hatchery  
  16  0:53  Drone  
  16  0:56  Drone  
  17  1:00  Drone  
  18  1:10  Extractor  
  17  1:15  Spawning Pool  
  17  1:18  Drone  
  17  1:22  Drone  
  18  1:28  Drone  
  19  1:43  Drone  
  20  1:52  Drone  
  21  2:03  Queen x2, Zergling x2  
  21  2:04  Overlord  
  26  2:15  Metabolic Boost  
  26  2:17  Drone  
  26  2:18  Drone  
  28  2:28  Drone x2  
  30  2:36  Baneling Nest  
  29  2:38  Drone x2  
  31  2:51  Hatchery  
  31  2:54  Drone  
  31  2:58  Drone  
  32  2:59  Drone  
  32  3:02  Overlord  
  33  3:11  Zergling x2  
  34  3:16  Drone  
  34  3:17  Drone  
  36  3:22  Drone x5  
  41  3:27  Overlord  
  41  3:29  Drone  
  42  3:34  Zergling x2  
  42  3:36  Drone  
  44  3:43  Evolution Chamber  
  44  3:44  Extractor, Queen  
  44  3:45  Overlord  
  44  3:50  Zergling x6  
  44  3:54  Overlord  
  47  3:57  Zergling x2  
  47  3:58  Baneling  
  47  4:01  Drone x2  
  47  4:02  Drone  
  51  4:07  Zergling x4  
  53  4:12  Overlord, Zerg Melee Weapons Level 1  
  53  4:15  Drone  
  54  4:18  Zergling x2  
  54  4:19  Zergling x4  
  54  4:23  Zergling x4  
  58  4:25  Baneling x4  
  58  4:27  Baneling  
  58  4:32  Zergling x6  
  58  4:34  Baneling x2  
  58  4:37  Overlord  
  61  4:41  Baneling  
  61  4:42  Zergling x4  
  63  4:52  Zergling x14  
  69  4:56  Zergling x4  
  71  5:03  Zergling x8  
  71  5:06  Zergling x4  
  69  5:14  Zergling x8  
  69  5:21  Baneling x9  
  73  5:24  Zergling x4  
  75  5:29  Drone x4  
  75  5:34  Baneling x2  
  78  5:44  Zergling x14  
  83  5:51  Zergling x6  
  83  5:53  Baneling x5  
  83  5:54  Overlord  
  83  5:55  Drone  
  84  5:58  Drone x2  
  84  6:01  Drone x2  
  81  6:06  Drone x2  
  81  6:10  Roach Warren  
  81  6:16  Drone x5  
  85  6:23  Baneling x2  
  85  6:24  Zergling x4  
  81  6:28  Zergling x6  
  81  6:30  Baneling x2  
  81  6:32  Baneling x2  
  80  6:35  Extractor  
  80  6:36  Extractor  
Tags
 
Add a new tag
Caveats
  • Supply blocks, unpowered buildings, or Contaminate may cause inaccurate times.
  • Supply counts are checked every 10 seconds.